 Dungeon Crawl Stone Soup version 0.26.0-18-gc5c842f807 (webtiles) character file.

Game seed: 11242429756020696810

13203 teolandon225 the Unseen (level 11, -4/49 (51) HPs)
             Began as a Spriggan Enchanter on Jan 22, 2021.
             Was a Follower of Dithmenos.
             Slain by a hell rat (7 damage)
             ... while petrified by a basilisk
             ... on level 3 of the Lair of Beasts on Jan 23, 2021.
             The game lasted 00:33:38 (20865 turns).

teolandon225 the Unseen (Spriggan Enchanter)       Turns: 20865, Time: 00:33:39

HP:   -4/49 (51)    AC:  5    Str:  4    XL:     11   Next: 72%
MP:   17/17         EV:  4    Int: 20    God:    Dithmenos [*.....]
Gold: 389           SH:  0    Dex: 17    Spells: 4/17 levels left

rFire    + . .     SeeInvis +   a - +2 dagger
rCold    + . .     Faith    .   (shield restricted)
rNeg     + + +     Spirit   .   B - +2 robe {rC+ rF+}
rPois    ∞         Reflect  .   (helmet restricted)
rElec    .         Harm     .   y - +0 cloak
rCorr    .         Rampage  .   (gloves unavailable)
Will     +....                  (boots unavailable)
Stlth    ++++++++..             e - amulet of regeneration
HPRegen  0.56/turn              z - ring of poison resistance
MPRegen  0.15/turn              (no ring)

@: petrified, wreathed by umbra, lightly drained, very quick
A: very small, unfitting armour, see invisible, speed 3
a: Renounce Religion


You were on level 3 of the Lair of Beasts.
You worshipped Dithmenos.
Dithmenos was aware of your devotion.
You visited 3 branches of the dungeon, and saw 14 of its levels.

You collected 669 gold pieces.
You spent 280 gold pieces at shops.

Inventory:

Hand Weapons
 a - a +2 dagger (weapon)
 b - a +0 hunting sling
 F - a +2 rapier of flaming
Missiles
 p - 435 stones
Armour
 o - a +1 robe
 v - +0 fire dragon scales
 y - a +0 cloak (worn)
 B - a +2 robe of resistance (worn)
Jewellery
 e - an amulet of regeneration (around neck)
 z - a ring of poison resistance (left hand)
 E - an uncursed ring of resist corrosion {unknown}
Wands
 f - a wand of polymorph (26)
 w - a wand of digging (6)
 x - a wand of flame (18)
 A - a wand of paralysis (5)
 H - a wand of enslavement (10)
Scrolls
 d - a scroll of fear
 h - 3 scrolls of identify
 k - a scroll of enchant armour
 l - 2 scrolls of teleportation
 t - 4 scrolls of enchant weapon
 C - a scroll of remove curse
 G - a scroll of amnesia
 I - a scroll of fog
Potions
 c - 2 potions of lignification
 g - 2 potions of magic {unknown}
 i - 3 potions of haste
 j - a potion of mutation
 m - 7 potions of curing
 n - 2 potions of attraction
 q - 2 potions of invisibility
 r - a potion of flight
 s - 2 potions of cancellation
 u - a potion of brilliance
 D - 4 potions of might


   Skills:
 + Level 2.6 Fighting
 - Level 1.1 Short Blades
 - Level 11.3 Dodging
 * Level 17.6 Stealth
 + Level 3.9 Spellcasting
 - Level 13.7 Hexes
 + Level 3.2 Translocations


You had 4 spell levels left.
You knew the following spells:

 Your Spells              Type           Power        Failure   Level
a - Blink                 Tloc           N/A          5%          2
e - Tukima's Dance        Hex            56%          1%          3
q - Ensorcelled Hibernat  Hex/Ice        62%          1%          2
r - Dazzling Flash        Conj/Hex       62%          2%          3
w - Confusing Touch       Hex            56%          1%          3

Your spell library contained the following spells:

 Spells                   Type           Power        Failure   Level
 Corona                   Hex            62%          1%          1
 Slow                     Hex            56%          1%          2
 Summon Guardian Golem    Hex/Summ       31%          2%          3
 Beastly Appendage        Tmut           6%           13%         1
 Magic Dart               Conj           12%          13%         1
 Shock                    Conj/Air       12%          13%         1
 Summon Small Mammal      Summ           12%          13%         1
 Call Imp                 Summ           3%           21%         2
 Swiftness                Air            3%           21%         2
 Wereblood                Tmut           3%           21%         2
 Call Canine Familiar     Summ           3%           36%         3
 Conjure Flame            Conj/Fire      3%           36%         3
 Mephitic Cloud           Conj/Pois/Air  3%           36%         3
 Spider Form              Tmut/Pois      1%           36%         3
 Static Discharge         Conj/Air       3%           36%         3
 Airstrike                Air            1%           78%         4
 Ice Form                 Ice/Tmut       3%           78%         4
 Summon Ice Beast         Ice/Summ       3%           78%         4
 Summon Lightning Spire   Summ/Air       3%           78%         4
 Silence                  Hex/Air        15%          22%         5
 Blade Hands              Tmut           1%           98%         5
 Lightning Bolt           Conj/Air       1%           98%         5
 Conjure Ball Lightning   Conj/Air       1%           100%        6
 Tornado                  Air            1%           100%        9


Dungeon Overview and Level Annotations

Branches:
Dungeon (10/15)            Temple (1/1) D:5            Lair (3/6) D:10
  Snake (0/4) Lair:2          Orc (0/2) D:10
  Swamp: Lair:2-4    Shoals: Lair:2-4

Altars:
Ashenzari
Cheibriados
Dithmenos
Elyvilon
Fedhas
Gozag
Hepliaklqana
Kikubaaqudgha
Makhleb
Nemelex Xobeh
Okawaru
Qazlal
Ru
Sif Muna
Trog
Uskayaw
Vehumet
Wu Jian
Xom
Yredelemnul
Zin
The Shining One

Shops:
D:8 *

Annotations:
D:7 exclusion: downstairs
Lair:2 Harold


Innate Abilities, Weirdness & Mutations

You are very small and have problems with some larger weapons.
You are too small for most types of armour.
You have supernaturally acute eyesight. (SInv)
You cover ground extremely quickly.


Message History

Dithmenos accepts your kill. The hell rat barely misses you.
The hell rat bites you!
You feel drained.
The hell rat bites you but does no damage.
The hell rat closely misses you.
Your limbs are stiffening.
The komodo dragon barely misses you. The hell rat closely misses you.
The basilisk gazes at you. You resist with almost no effort.
The hell rat closely misses you. The komodo dragon bites you!!
The hell rat barely misses you. The basilisk misses you.
The komodo dragon hisses angrily.
You have turned to stone.
The hell rat bites you! The komodo dragon bites you!!
* * * LOW HITPOINT WARNING * * *
The hell rat bites you.
* * * LOW HITPOINT WARNING * * *
The basilisk bites you but does no damage.
The hell rat bites you!
* * * LOW HITPOINT WARNING * * *
The hell rat bites you!
You die...

.... .###.....
# ....#..## .#
#..#...##.##
..........#
#l.......##
##.⌠.⌠.#...#
#.......#..#
#..l@.......
......rlr..#...
...#..⌠.⌠.## #
##........#
#.........
..#.#.)..##.
..#..###.. .#
##. .. #


You could see 2 komodo dragons, a basilisk and 2 hell rats.

Vanquished Creatures
  Erica (D:8)
  Nergalle (Lair:1)
  2 wolf spiders (Lair:1)
  2 oklob plants (D:10)
  4 black mambas (Lair:1)
  3 cane toads (Lair:1)
  Maggie (D:8)
  4 komodo dragons
  Prince Ribbit (D:7)
  10 yaks
  A basilisk (Lair:1)
  Eustachio (D:4)
  Menkaure (D:5)
  An acid dragon (D:9)
  4 water moccasins
  An ice beast (D:10)
  3 sky beasts
  4 orc warriors
  2 black bears
  A phantom (D:6)
  4 centaurs
  4 ogres
  A gnoll sergeant (D:5)
  6 bullfrogs
  A water moccasin zombie (D:8)
  3 scorpions
  10 wights
  A bullfrog zombie (D:5)
  5 orc priests
  2 jellies
  5 hounds
  7 orc wizards
  Terence (D:3)
  Jessica (D:2)
  2 bullfrog skeletons
  3 iguanas
  Ijyb (D:3)
  10 worker ants
  5 hell rats
  A hound zombie (D:6)
  A hound skeleton (D:4)
  11 gnolls
  19 adders
  A howler monkey skeleton (D:10)
  2 shadow imps
  3 white imps
  2 ufetubi
  2 oozes
  4 worms
  4 dart slugs
  5 leopard geckos
  34 orcs
  7 bats
  10 giant cockroaches
  9 goblins
  8 hobgoblins
  4 jackals
  6 quokkas
  3 ball pythons
  10 frilled lizards
  6 kobolds
  A quokka zombie (D:4)
  6 rats
279 creatures vanquished.

Vanquished Creatures (collateral kills)
  2 wights
2 creatures vanquished.

Vanquished Creatures (others)
  A dancing weapon (D:7)
  8 fungi
  43 plants
52 creatures vanquished.

Grand Total: 333 creatures vanquished

Notes
Turn   | Place    | Note
-------+----------+-------------------------------------------
     0 | D:1      | teolandon225 the Spriggan Enchanter began the quest for the
                  | Orb.
     0 | D:1      | Reached XP level 1. HP: 9/9 MP: 5/5
   369 | D:1      | Reached XP level 2. HP: 13/13 MP: 4/6
   372 | D:1      | Learned a level 2 spell: Ensorcelled Hibernation
   413 | D:1      | Reached skill level 5 in Stealth
  1037 | D:2      | Found a stormy altar of Qazlal.
  1059 | D:2      | Reached XP level 3. HP: 16/16 MP: 0/8
  1483 | D:2      | Reached XP level 4. HP: 21/21 MP: 9/9
  1511 | D:2      | Reached skill level 6 in Stealth
  1521 | D:2      | Noticed Jessica
  1722 | D:2      | Killed Jessica
  1723 | D:2      | Reached skill level 5 in Hexes
  3273 | D:2      | Found an ancient bone altar of Kikubaaqudgha.
  3273 | D:2      | Found a shimmering altar of Xom.
  3275 | D:2      | Found a hide-covered altar of Uskayaw.
  3275 | D:2      | Found a shadowy altar of Dithmenos.
  3275 | D:2      | Found an ornate altar of the Wu Jian Council.
  3287 | D:2      | Reached XP level 5. HP: 24/24 MP: 7/10
  3634 | D:3      | Reached skill level 7 in Stealth
  3780 | D:3      | Noticed Ijyb
  3792 | D:3      | Killed Ijyb
  3793 | D:3      | Reached XP level 6. HP: 28/28 MP: 6/11
  3930 | D:3      | Reached skill level 5 in Dodging
  3938 | D:3      | Learned a level 3 spell: Confusing Touch
  3942 | D:3      | Learned a level 3 spell: Tukima's Dance
  4670 | D:3      | Noticed Terence
  5776 | D:3      | Killed Terence
  5777 | D:3      | Reached skill level 8 in Stealth
  6186 | D:4      | Found a sparkling altar of Nemelex Xobeh.
  6223 | D:4      | Noticed Eustachio
  6320 | D:4      | Killed Eustachio
  6321 | D:4      | Reached XP level 7. HP: 29/32 MP: 5/12
  6555 | D:4      | Reached skill level 9 in Stealth
  6640 | D:4      | Found a stormy altar of Qazlal.
  7061 | D:5      | Entered Level 5 of the Dungeon
  7728 | D:5      | Learned a level 3 spell: Dazzling Flash
  7937 | D:5      | Reached skill level 10 in Stealth
  8199 | D:5      | Found a staircase to the Ecumenical Temple.
  8206 | Temple   | Entered the Ecumenical Temple
  8487 | D:5      | Reached XP level 8. HP: 21/36 MP: 1/13
  8949 | D:5      | Noticed Menkaure
  8976 | D:5      | Killed Menkaure
  9334 | D:6      | Reached skill level 11 in Stealth
  9366 | D:6      | Found a broken altar of Ashenzari.
  9846 | D:6      | Reached skill level 12 in Stealth
  9846 | D:6      | Reached XP level 9. HP: 39/39 MP: 2/14
 10414 | D:6      | Found a glowing silver altar of Zin.
 11337 | D:7      | Reached skill level 10 in Hexes
 11357 | D:7      | Noticed Prince Ribbit
 11371 | D:7      | Killed Prince Ribbit
 11813 | D:7      | Reached skill level 13 in Stealth
 12299 | D:8      | Noticed Maggie
 12302 | D:8      | Found an ornate altar of the Wu Jian Council.
 12987 | D:8      | Killed Maggie
 13692 | D:8      | Reached skill level 14 in Stealth
 13952 | D:8      | Found Yshob's General Store.
 13957 | D:8      | Bought an uncursed ring of poison resistance for 280 gold
                  | pieces
 14492 | D:8      | Noticed Erica
 14507 | D:8      | Killed Erica
 14508 | D:8      | Reached XP level 10. HP: 39/44 MP: 12/15
 14568 | D:8      | Reached skill level 10 in Dodging
 14710 | D:8      | Found a shadowy altar of Dithmenos.
 14710 | D:8      | Found a hazy altar of Hepliaklqana.
 15235 | D:9      | Found a white marble altar of Elyvilon.
 15618 | D:9      | Found a bloodstained altar of Trog.
 16389 | D:8      | Became a worshipper of Dithmenos the Shadowed
 16456 | D:10     | Entered Level 10 of the Dungeon
 16664 | D:10     | Found a staircase to the Lair.
 16704 | D:10     | Found a staircase to the Orcish Mines.
 16718 | D:10     | Reached skill level 15 in Stealth
 16752 | D:10     | Noticed an oklob plant
 16753 | D:10     | Noticed an oklob plant
 17776 | D:10     | Killed an oklob plant
 17784 | D:10     | Killed an oklob plant
 17802 | Lair:1   | Entered Level 1 of the Lair of Beasts
 17815 | Lair:1   | Noticed a cane toad
 17822 | Lair:1   | Killed a cane toad
 18421 | Lair:1   | HP: 1/44 [yak (12)]
 18521 | Lair:1   | Reached * piety under Dithmenos
 18522 | Lair:1   | Reached skill level 16 in Stealth
 18640 | Lair:1   | Noticed a black mamba
 18648 | Lair:1   | Killed a black mamba
 18649 | Lair:1   | Reached XP level 11. HP: 47/47 MP: 13/16
 18852 | Lair:1   | You fall into a shaft and drop 1 floor!
 18853 | Lair:2   | Noticed Harold
 19066 | Lair:1   | Noticed a wolf spider
 19073 | Lair:1   | Noticed a wolf spider
 19079 | Lair:1   | Killed a wolf spider
 19080 | Lair:1   | Reached skill level 1 in Fighting
 19101 | Lair:1   | Killed a wolf spider
 19539 | Lair:1   | Reached skill level 17 in Stealth
 19680 | Lair:1   | Learned a level 2 spell: Blink
 19694 | Lair:2   | Noticed Nergalle
 19862 | Lair:1   | Killed Nergalle
 19863 | Lair:1   | Reached skill level 1 in Translocations
 20189 | Lair:2   | Found a staircase to the Snake Pit.
 20865 | Lair:3   | Slain by a hell rat

Illustrated notes

Levels and vault maps discovered:
D:1:      dpeg_arrival_triangle_fractal, layout_basic, minmay_pentomino_u2
D:2:      layout_loops_ring, skrybe_limestone_x, small_statue_intersection,
          serial_bayou_lagoon_a, minmay_misc_feat_roman, doesnt_xom_only_xom,
          uniq_jessica
D:3:      layout_loops_ring, minmay_between, uniq_terence, uniq_ijyb
D:4:      layout_cave_pods, general_overflow_altar,
          lemuel_coloured_pillars_altar, uniq_eustachio
D:5:      layout_layer_cave, minmay_temple_entry_waves, uniq_menkaure
D:6:      layout_gridville, lemuel_doored_altar, zin_treasury,
          kennysheep_flooded_box
D:7:      layout_cave_pods, uniq_prince_ribbit1
D:8:      layout_rooms, overflow_temple_1_default,
          riverfiend_overflow_shadow_ancestor, serial_shops, nicolae_shop_stone,
          uniq_maggie, uniq_erica
D:9:      layout_cave_pools, chequers_temple_overflow_statue_of_worship
D:10:     layout_layer_cave, dpeg_oklobed_lair, orc_0_dummy
Temple:   nicolae_temple_god_jail
Lair:1:   minmay_lair_venomous_thicket, layout_small_grid
Lair:2:   layout_cave_shapes, dummy_snake_entry, chequers_serial_rivers_small_a,
          uniq_harold, uniq_nergalle
Lair:3:   beast_lair_carwin_large_3, layout_small_grid, grunt_megastairs_2

Skill      XL: |  1  2  3  4  5  6  7  8  9 10 11 |
---------------+----------------------------------+-----
Hexes          | 4 5 6 8 9 11 12 13 | 13.7
Stealth        | 5 6 7 8 10 12 14 16 17 | 17.6
Dodging        | 4 5 6 8 9 11 | 11.3
Fighting       | 2 |  2.6
Spellcasting   | 3 |  3.9
Translocations | 3 |  3.2
Short Blades   | |  1.1

Action                   |  1- 3 |  4- 6 |  7- 9 | 10-12 || total
-------------------------+-------+-------+-------+-------++-------
Melee: Dagger            |    61 |   114 |   287 |   164 ||   626
 Cast: Corona            |     4 |       |       |       ||     4
       Ensorcelled Hiber |    15 |    83 |   100 |    96 ||   294
       Confusing Touch   |       |     3 |    26 |     5 ||    34
       Tukima's Dance    |       |       |    18 |       ||    18
       Dazzling Flash    |       |       |       |     9 ||     9
  Use: Scroll            |       |    13 |     2 |    11 ||    26
       Potion            |       |       |     1 |     3 ||     4
 Stab: Sleeping          |    21 |    62 |    75 |    72 ||   230
       Confused          |       |     1 |    25 |     5 ||    31
       Distracted        |       |       |     2 |       ||     2
       Invisible         |       |       |       |     6 ||     6
       Petrified         |       |       |       |     1 ||     1
Armor: Robe              |    10 |     7 |    10 |    23 ||    50
Dodge: Dodged            |    41 |    87 |   269 |   247 ||   644
